Map: Lerilak Crest

Players

CunningStunt - Winner!

  • Race: Protoss Protoss
  • League: Gold

A.I. 2 (Very Easy)

  • Race: Protoss Protoss

A.I. 3 (Very Easy)

  • Race: Terran Terran

VOD

Have the link to the VOD?

Description

Time

  • Played on: Sept. 9, 2015, 6:59 a.m.
  • Length: 6:10
Show
View Real Time Build Order
Export as new Build Order

CunningStunt Protoss - Winner!

Build Orders: 1 Gate Expand 

Get SALT Encoding   

  12  0:00  Probe (Chrono Boost)  
  13  0:10  Probe (Chrono Boost)  
  14  0:17  Pylon  
  14  0:21  Probe (Chrono Boost)  
  15  0:35  Probe (Chrono Boost)  
  16  0:39  Gateway  
  16  0:45  Probe (Chrono Boost)  
  17  0:55  Probe (Chrono Boost)  
  18  1:14  Nexus  
  18  1:18  Assimilator  
  18  1:30  Cybernetics Core  
  18  1:31  Probe (Chrono Boost)  
  19  1:37  Assimilator  
  19  1:42  Probe (Chrono Boost)  
  20  1:48  Pylon  
  20  1:52  Probe (Chrono Boost)  
  21  2:02  Probe (Chrono Boost)  
  21  2:06  Adept  
  24  2:12  Probe (Chrono Boost)  
  25  2:22  Mothership Core (Chrono Boost)  
  27  2:25  Probe (Chrono Boost)  
  28  2:30  Warp Gate  
  28  2:36  Probe (Chrono Boost), Adept  
  31  2:40  Probe (Chrono Boost)  
  32  2:46  Probe (Chrono Boost)  
  32  2:50  Probe (Chrono Boost)  
  34  2:56  Probe (Chrono Boost)  
  35  3:01  Probe (Chrono Boost), Robotics Facility  
  36  3:06  Probe (Chrono Boost)  
  36  3:11  Probe (Chrono Boost)  
  38  3:16  Probe (Chrono Boost)  
  39  3:21  Probe (Chrono Boost)  
  39  3:22  Pylon  
  39  3:26  Probe (Chrono Boost)  
  41  3:30  Gateway  
  41  3:32  Probe (Chrono Boost)  
  41  3:34  Gateway  
  42  3:38  Probe (Chrono Boost)  
  43  3:44  Gateway  
  43  3:46  Probe (Chrono Boost), Pylon  
  44  3:54  Warp Prism  
  46  3:56  Probe (Chrono Boost)  
  46  4:00  Probe (Chrono Boost)  
  48  4:06  Probe (Chrono Boost)  
  48  4:08  Pylon  
  49  4:10  Probe (Chrono Boost)  
  49  4:16  Probe (Chrono Boost)  
  51  4:20  Probe (Chrono Boost)  
  52  4:34  Twilight Council  
  52  4:36  Warp Prism  
  54  4:50  Adept  
  54  4:51  Adept x3  
  62  4:54  Probe (Chrono Boost)  
  62  4:55  Probe (Chrono Boost)  
  62  4:59  Pylon  
  64  5:02  Pylon x2  
  64  5:08  Probe x2 (Chrono Boost)  
  64  5:12  Assimilator  
  66  5:17  Assimilator  
  66  5:24  Zealot x4  
  66  5:28  Probe x2 (Chrono Boost)  
  76  5:38  Probe (Chrono Boost)  
  77  5:55  Zealot x4  
Show
View Real Time Build Order
Export as new Build Order

A.I. 2 (Very Easy) Protoss 

Build Orders:  

Get SALT Encoding   

Show
View Real Time Build Order
Export as new Build Order

A.I. 3 (Very Easy) Terran 

Build Orders:  

Get SALT Encoding   

  12  0:12  Pylon  
  12  0:13  Probe (Chrono Boost)  
  13  0:30  Probe (Chrono Boost)  
  14  0:38  Assimilator  
  14  0:40  Gateway  
  14  0:47  Pylon  
  14  1:15  Assimilator  
  14  1:21  Probe (Chrono Boost)  
  15  1:31  Probe (Chrono Boost)  
  15  1:32  Cybernetics Core  
  16  1:41  Probe (Chrono Boost)  
  17  1:52  Probe (Chrono Boost)  
  17  1:53  Warp Gate  
  18  2:02  Probe (Chrono Boost)  
  18  2:07  Stalker  
  19  2:13  Probe (Chrono Boost)  
  22  5:22  Stalker  
  22  5:24  Probe (Chrono Boost), Pylon  
  7  5:36  Probe (Chrono Boost)  
Tags
 
Add a new tag
Caveats
  • Supply blocks, unpowered buildings, or Contaminate may cause inaccurate times.
  • Supply counts are checked every 10 seconds.